 Dungeon Crawl Stone Soup version 0.28-a0-476-g0f06bd746f (webtiles) character file.

Game seed: 13051533793646207020

218 timneilson the Covered (level 5, 0/33 HPs)
             Began as a Gargoyle Fighter on Sept 16, 2021.
             Killed by divine providence
             ... invoked by an orc priest
              (10 damage)
             ... on level 4 of the Dungeon.
             The game lasted 00:06:16 (3882 turns).

timneilson the Covered (Gargoyle Fighter)           Turns: 3882, Time: 00:06:17

Health: 0/33       AC: 14    Str: 20    XL:     5   Next: 95%
Magic:  5/5        EV:  7    Int:  9    God:
Gold:   94         SH:  0    Dex:  9    Spells: 4/4 levels left

rFire   . . .      SeeInvis .   a - +0 long sword
rCold   . . .      Faith    .   c - +0 buckler
rNeg    + . .      Spirit   .   l - +0 chain mail
rPois   ∞          Reflect  .   (no helmet)
rElec   +          Harm     .   e - +0 cloak
rCorr   .          Rampage  .   (no gloves)
Will    .....                   (no boots)
Stlth   ..........              (no amulet)
HPRegen 0.11/turn               (no ring)
MPRegen 0.09/turn               (no ring)

@: confused
A: sickness immunity, AC +4, negative energy resistance 1, electricity
resistance, torment resistance 1, petrification resistance
a: no special abilities


You were on level 4 of the Dungeon.
You visited 1 branch of the dungeon, and saw 4 of its levels.

You collected 94 gold pieces.

Inventory:

Hand Weapons
 a - a +0 long sword (weapon)
Armour
 b - a +0 scale mail
 c - a +0 buckler (worn)
 e - a +0 cloak (worn)
 l - a +0 chain mail (worn)
 n - a +0 plate armour
Jewellery
 k - a ring of protection from cold
Scrolls
 i - a scroll of teleportation
 m - a scroll of identify
 o - a scroll of noise {unknown}
Potions
 d - a potion of might
 f - 2 potions of attraction
 g - a potion of mutation {unknown}
 h - a potion of haste {unknown}
 j - a potion of curing {unknown}


   Skills:
 + Level 4.0 Fighting
 * Level 3.2 Long Blades
 * Level 4.8 Armour
 * Level 4.5 Shields


You had 4 spell levels left.
You didn't know any spells.
Your spell library contained the following spells:

 Spells                   Type           Power      Damage    Failure   Level
 Beastly Appendage        Tmut           0%         N/A       98%         1
 Ensorcelled Hibernation  Hex/Ice        0%         N/A       99%         2
 Static Discharge         Conj/Air       0%         N/A       99%         2
 Wereblood                Tmut           0%         N/A       99%         2
 Spider Form              Tmut/Pois      0%         N/A       100%        3
 Dispel Undead            Necr           0%         3d6       100%        4
 Passage of Golubria      Tloc           N/A        N/A       100%        4
 Sticky Flame             Conj/Fire      0%         2d3       100%        4
 Silence                  Hex/Air        0%         N/A       100%        5
 Lehudib's Crystal Spear  Conj/Erth      0%         10d2      100%        8


Dungeon Overview and Level Annotations

Branches:
Dungeon (4/15)
 Temple: D:4-7

Altars:
Wu Jian

Shops:
D:2 *

Annotations:
D:3 1 runed translucent door, AttackTheMoon's ghost, amateur DsWz


Innate Abilities, Weirdness & Mutations

You are immune to sickness and miasma.
Your stone body is resilient. (AC +4)
You are immune to poison.
You resist negative energy. (rN+)
You are resistant to electric shocks. (rElec)
You are resistant to unholy torment.
You are immune to petrification.


Message History

You slash the orc priest!
The orc priest is heavily wounded.
You block the orc priest's attack.
The orc wizard points at you and mumbles some strange words.
You are confused.
The orc priest hits you with a +0 hand axe.
You're too confused to move!
The orc wizard points at you and mumbles some strange words.
You resist with some effort.
The orc priest hits you but does no damage.
The orc priest hits you but does no damage.
You miss the orc priest.
The orc priest is heavily wounded.
The orc wizard gestures at you while chanting.
You are more confused.
The orc priest looks satisfied for a moment.
The orc wizard gestures at you while chanting.
The puff of flame hits you. The orc wizard casts a spell at you.
You are more confused.
The orc priest hits you but does no damage.
You're too confused to move!
The orc wizard gestures at you while chanting.
The magic dart hits you but does no damage.
The orc priest hits you but does no damage.
You slash the orc priest!
The orc priest is almost dead.
The orc priest hits you but does no damage.
You miss the orc priest.
The orc priest is almost dead.
The orc wizard gestures at you while chanting.
The magic dart hits you but does no damage.
The orc priest invokes the aid of Beogh against you.
You barely resist.
The orc priest hits you with a +0 hand axe.
You bump into the rock wall.
The orc wizard hits you but does no damage.
The orc priest invokes the aid of Beogh against you.
Beogh smites you!
You die...

..#....##.....## #
.#.........≈≈..# .##
.#..♣♣....§§≈..# ....
....♣♣.._......# #..##
.#.............# #.....
.#........≈≈...###......
..#...##..≈≈..#)........
..#...##......#oo.##...
##............@###..
.##.....##.......# ..
######.[.......#
#..........##
...............
...............
........##...##.
........##...##.
...............


You could see an orc priest and an orc wizard.

Vanquished Creatures
  A jelly (D:4)
  An orc priest (D:4)
  An orc wizard (D:3)
  A hound skeleton (D:4)
  3 adders
  A worm (D:3)
  3 dart slugs
  3 orcs
  7 bats
  3 endoplasms
  4 giant cockroaches
  7 goblins
  7 hobgoblins
  4 jackals (D:1)
  5 kobolds
  5 quokkas
  7 ball pythons
  3 frilled lizards
  16 rats
82 creatures vanquished.

Notes
Turn   | Place    | Note
-------+----------+-------------------------------------------
     0 | D:1      | timneilson the Gargoyle Fighter began the quest for the
                  | Orb.
     0 | D:1      | Reached XP level 1. HP: 14/14 MP: 1/1
    83 | D:1      | Reached XP level 2. HP: 7/19 MP: 2/2
   812 | D:1      | Reached XP level 3. HP: 23/23 MP: 3/3
  1713 | D:2      | Found a faded altar of an unknown god.
  1717 | D:2      | Reached XP level 4. HP: 28/28 MP: 4/4
  1896 | D:2      | Found Cieneka's Assorted Antiques.
  2866 | D:3      | Found a runed translucent door.
  2868 | D:3      | Noticed AttackTheMoon's ghost (amateur DsWz)
  3382 | D:3      | Reached XP level 5. HP: 31/33 MP: 5/5
  3849 | D:4      | Found an ornate altar of the Wu Jian Council.
  3882 | D:4      | Killed from afar by an orc priest

Illustrated notes

Levels and vault maps discovered:
D:1:      enne_arrival_octagon_isle, layout_basic
D:2:      minmay_inner_zag, layout_loops_ring, serial_shops,
          nicolae_shop_waterfront, dreamdust_ecumenical_altar_statues,
          minmay_rat_gold_closets
D:3:      layout_basic, gammafunk_ghost_grave
D:4:      layout_cave_pools, nicolae_wu_jian_wuxing_cycle,
          kennysheep_slug_shrine, vehumet_statue, lemuel_tele_altar,
          minmay_temple_entry_stoned_glass

Skill      XL: |  1  2  3  4  5 |
---------------+----------------+-----
Long Blades    | 2 3 |  3.2
Armour         | 4 |  4.8
Shields        | 4 |  4.5
Fighting       | 4 |  4.0

Action                   |  1- 3 |  4- 6 || total
-------------------------+-------+-------++-------
Melee: Long sword        |   122 |   145 ||   267
  Use: Scroll            |     1 |     3 ||     4
Armor: Scale mail        |    69 |    62 ||   131
       Chain mail        |       |    43 ||    43
Dodge: Dodged            |    62 |    60 ||   122
Block: Buckler           |    32 |    25 ||    57

Table legend: (Time is in decaauts)
 A = Elapsed time spent in this place.
 B = Non-inter-level travel time spent in this place.
 C = Inter-level travel time spent in this place.
 D = Time resting spent in this place.
 E = Time spent auto-exploring this place.
 F = Levels seen in this place.
 G = Mean time per level.
                   A        B        C        D        E       F      G
               +--------+--------+--------+--------+--------+-----+--------+
         Total |   3964 |   3843 |    121 |    315 |   2771 |   4 |  991.0 |
       Dungeon |   3964 |   3843 |    121 |    315 |   2771 |   4 |  991.0 |
               +--------+--------+--------+--------+--------+-----+--------+

Top non-repeatable levels by time:
     D:1: 1627 daAuts
     D:2: 1075 daAuts
     D:3: 824 daAuts
     D:4: 437 daAuts
